 Dungeon Crawl Stone Soup version 0.22-a0-456-g11ed031 (webtiles) character file.

135 Galder the Magician (level 4, -2/24 HPs)
             Began as a Deep Elf Wizard on June 7, 2018.
             Hit by a tomahawk thrown by an orc (3 damage)
             ... on level 3 of the Dungeon.
             The game lasted 00:15:25 (2705 turns).

Galder the Magician (Deep Elf Wizard)               Turns: 2705, Time: 00:15:26

Health: -2/24      AC:  2    Str:  5    XL:     4   Next: 96%
Magic:  6/14       EV: 13    Int: 23    God:
Gold:   117        SH:  0    Dex: 13    Spells: 12/15 levels left

rFire    . . .     SeeInvis .   f - +0 dagger
rCold    + . .     Gourm    .   (no shield)
rNeg     . . .     Faith    .   a - +0 robe
rPois    .         Spirit   .   b - +0 hat
rElec    .         Reflect  .   (no cloak)
rCorr    +         Harm     .   (no gloves)
MR       .....                  (no boots)
Stlth    ++........             (no amulet)
HPRegen  0.08/turn              o - ring of resist corrosion
MPRegen  0.14/turn              q - ring of protection from cold

@: no status effects
A: no striking features
a: no special abilities


You were on level 3 of the Dungeon.
You were very hungry.

You visited 1 branch of the dungeon, and saw 3 of its levels.

You collected 117 gold pieces.

Inventory:

Hand Weapons
 f - a +0 dagger (weapon)
Armour
 a - a +0 robe (worn)
 b - a +0 hat (worn)
Jewellery
 k - an uncursed amulet of regeneration {unknown}
 o - a ring of resist corrosion (left hand)
 q - a ring of protection from cold (right hand)
Scrolls
 c - 5 scrolls of identify {unknown}
 e - 2 scrolls of teleportation {unknown}
 g - a scroll of fear {unknown}
 h - a scroll of magic mapping {unknown}
 l - a scroll of blinking {unknown}
 m - a scroll of fog {unknown}
 n - a scroll of immolation {unknown}
 p - a scroll of remove curse {unknown}
Potions
 i - a potion of invisibility {unknown}
 j - 2 potions of curing {unknown}
Comestibles
 d - 4 rations


   Skills:
 - Level 2.5 Dodging
 + Level 3.5 Stealth
 * Level 6.3 Spellcasting
 + Level 2.2 Conjurations
   Level 1.1 Summonings
 + Level 2.2 Translocations


You had 12 spell levels left.
You knew the following spells:

 Your Spells              Type           Power        Failure   Level  Hunger
a - Magic Dart            Conj           ###.         3%          1    None
b - Blink                 Tloc           N/A          4%          2    None

Your spell library contained the following spells:

 Spells                   Type           Power        Failure   Level  Hunger
 Conjure Flame            Conj/Fire      ##......     16%         3    #......
 Slow                     Hex            #.......     12%         2    None
 Mephitic Cloud           Conj/Pois/Air  ##......     19%         3    #......
 Call Imp                 Summ           ##......     8%          2    None


Dungeon Overview and Level Annotations

Branches:
Dungeon (3/15)

Altars:

Annotations:
D:3 Robin


Message History

Press: ? - help, Shift-Dir - straight line, f/p - orc priest
Aim: an orc priest, wielding a war axe and wearing a leather armour (severely wounded)
The magic dart hits the orc priest.
The orc priest is severely wounded.
Casting: Magic Dart (safe; 3% risk of failure)
Confirm with . or Enter, or press ? or * to list all spells.
Aiming: Magic Dart (safe; 3% risk of failure)
Press: ? - help, Shift-Dir - straight line, f/p - orc priest
Aim: an orc priest, wielding a war axe and wearing a leather armour (severely wounded)
The magic dart hits the orc priest.
The orc priest is severely wounded.
You see here a battleaxe.
The orc priest calls down the wrath of Beogh upon you.
Beogh smites you!
The orc priest mumbles some strange prayers to Beogh against you.
Beogh smites you!
Ouch! That really hurt!
* * * LOW HITPOINT WARNING * * *
The orc throws a tomahawk.
The tomahawk hits you.
You die...

.. .# . .# .# .# ..# .#
...#
##################.#)...#
#<...........@.o)oo.....#
###############..o†......
#.##....... .... .......
#....#.###... #..>.+.. ..
#....#.# # ######.# .#


You could see an orc priest and 3 orcs.

Vanquished Creatures
  A hound (D:2)
  A worker ant (D:2)
  An adder (D:1)
  2 oozes (D:1)
  A worm (D:2)
  2 dart slugs (D:1)
  A leopard gecko (D:1)
  3 ball pythons
  3 giant cockroaches (D:1)
  3 goblins
  5 hobgoblins
  10 jackals (D:1)
  9 bats
  3 frilled lizards
  4 kobolds
  5 rats
54 creatures vanquished.

Notes
Turn   | Place    | Note
-------+----------+-------------------------------------------
     0 | D:1      | Galder the Deep Elf Wizard began the quest for the Orb.
     0 | D:1      | Reached XP level 1. HP: 10/10 MP: 7/7
   314 | D:1      | Reached skill level 5 in Spellcasting
   314 | D:1      | Reached XP level 2. HP: 11/15 MP: 5/10
   318 | D:1      | Learned a level 2 spell: Blink
   847 | D:2      | Reached XP level 3. HP: 19/19 MP: 1/11
  1770 | D:2      | Reached skill level 6 in Spellcasting
  1770 | D:2      | Reached XP level 4. HP: 11/24 MP: 5/14
  2601 | D:3      | Noticed Robin
  2705 | D:3      | HP: 1/24 [orc priest/divine providence (13)]
  2705 | D:3      | Hit by a tomahawk thrown by an orc

Vault maps used:
D:1:      dpeg_arrival_leaves_temple_mockup
D:2:      kennysheep_generic_room_12
D:3:      uniq_robin, uniq_crazy_yiuf_cottage

Skill      XL: |  1  2  3  4 |
---------------+-------------+-----
Spellcasting   | 5 6 |  6.3
Stealth        | 3 |  3.5
Conjurations   | 2 |  2.2
Translocations | 2 |  2.2
Dodging        | |  2.5
Summonings     | |  1.1

Action                   |  1- 3 |  4- 6 || total
-------------------------+-------+-------++-------
Melee: Dagger            |    26 |       ||    26
       Unarmed           |     3 |       ||     3
 Cast: Magic Dart        |   118 |    42 ||   160
  Eat: Chunk             |     1 |     3 ||     4
Armor: Robe              |     9 |     2 ||    11
Dodge: Dodged            |    46 |    11 ||    57

Table legend:
 A = Spawn XP
 B = Non-spawn XP
 C = Spawn XP percentage of total XP
 D = Spawn monster count
 E = Non-spawn monster count
 F = Spawn count percentage of total count
 G = Total turns spent on level
                    A         B        C        D         E        F      G
               +---------+---------+-------+---------+---------+-------+---------
         Total |       0 |     193 |   0.0 |       0 |      54 |   0.0 |  2705
               +---------+---------+-------+---------+---------+-------+---------
           D:1 |       0 |      86 |   0.0 |       0 |      36 |   0.0 |  1611
           D:2 |       0 |     104 |   0.0 |       0 |      16 |   0.0 |  1062
           D:3 |       0 |       3 |   0.0 |       0 |       2 |   0.0 |    32
               +---------+---------+-------+---------+---------+-------+---------
